[Event "Titled Tuesday Blitz July 6 2021"]
[White "Pohjala, Henri"]
[Black "Maghsoodloo, Parham"]
[WhiteFideId "506478"]
[BlackFideId "12539929"]
[WhiteElo "2365"]
[BlackElo "2601"]
[Result "1/2-1/2"]
[Round "07"]
[TimeControl "180+1"]
[Date "2021.07.06"]
[WhiteClock "0:00:08"]
[BlackClock "0:00:46"]

1. d4 Nf6 2. Bg5 d5 3. Bxf6 gxf6 4. e3 c5 5. dxc5 e6 6. Nf3 Bxc5 7. a3 a6 8. c4 dxc4 9. Qxd8+ Kxd8 10. Bxc4 b5 11. Bd3 Bb7 12. Nbd2 f5 13. Ke2 Nd7 14. Rhd1 Ke7 15. e4 f4 16. e5 f5 17. exf6+ Nxf6 18. Rac1 Rac8 19. g3 Rhd8 20. Rc2 Bd6 21. Rxc8 Rxc8 22. Kf1 Rc5 23. Re1 Kf7 24. Ne4 Rd5 25. Nxd6+ Rxd6 26. Ne5+ Kg7 27. gxf4 Nh5 28. Be4 Bxe4 29. Rxe4 Kf6 30. Nf3 Rd3 31. Nd4 Ng7 32. Ke2 Rh3 33. Nf3 h6 34. a4 Nf5 35. axb5 axb5 36. Re5 b4 37. Re4 b3 38. Rb4 h5 39. Rxb3 Nh4 40. Nd4 Rxh2 41. Re3 Nf5 42. Nxf5 exf5 43. b4 Rh4 44. b5 Rxf4 45. Rb3 Re4+ 46. Kf3 Re7 47. b6 Rb7 48. Kf4 h4 49. Rb5 Kg6 50. f3 Kh6 51. Kxf5 h3 52. Rb2 Kh5 53. Ke5 Kh4 54. Kd5 Kg3 55. Kc6 Rb8 56. Kc7 Rxb6 57. Kxb6 Kxf3 58. Kc5 Kg3 59. Kd4 h2 60. Rb1 Kg2 61. Ke3 h1=Q 62. Rxh1 Kxh1 1/2-1/2


[Site "https://www.chess.com"]

[Event "Titled Tuesday Blitz July 6 2021"]
[White "Potapova, Margarita"]
[Black "Vivas Zamora, Fabian Ernesto"]
[WhiteFideId "14126869"]
[BlackFideId "3902480"]
[WhiteElo "2229"]
[BlackElo "1966"]
[Result "0-1"]
[Round "07"]
[TimeControl "180+1"]
[Date "2021.07.06"]
[WhiteClock "0:00:32"]
[BlackClock "0:00:32"]

1. d4 Nf6 2. c4 g6 3. Nc3 d5 4. cxd5 Nxd5 5. e4 Nxc3 6. bxc3 Bg7 7. Be3 c5 8. Rc1 Qa5 9. Qd2 cxd4 10. cxd4 Qxd2+ 11. Bxd2 O-O 12. Nf3 Bg4 13. Be3 Nc6 14. d5 Nb4 15. a3 Na2 16. Rc2 Nc3 17. Bd3 f5 18. exf5 Bxf5 19. Bxf5 Rxf5 20. O-O Nxd5 21. Bd4 e5 22. Bb2 e4 23. Nd4 Rf7 24. Ne6 Bxb2 25. Rxb2 Re8 26. Nc5 b6 27. Nb3 e3 28. Nd4 Re4 29. fxe3 Rxf1+ 30. Kxf1 Nxe3+ 31. Ke2 Nc4+ 32. Kd3 Rxd4+ 33. Kxd4 Nxb2 34. Kc3 Na4+ 0-1


[Site "https://www.chess.com"]

[Event "Titled Tuesday Blitz July 6 2021"]
[White "Pourkashiyan, Atousa"]
[Black "Kiltti, Jyrki"]
[WhiteFideId "12502014"]
[BlackFideId "501204"]
[WhiteElo "2285"]
[BlackElo "2245"]
[Result "1-0"]
[Round "07"]
[TimeControl "180+1"]
[Date "2021.07.06"]
[WhiteClock "0:01:32"]
[BlackClock "0:01:25"]

1. e4 Nc6 2. Nf3 d6 3. d4 e5 4. Bb5 exd4 5. Nxd4 Bd7 6. Bxc6 bxc6 7. Nc3 Nf6 8. O-O Be7 9. h3 O-O 10. Bf4 c5 11. Nde2 Rb8 12. Rb1 Be6 13. Be3 Rb4 14. a3 Rb6 15. Nf4 Qa8 16. Re1 Nxe4 17. Nxe4 Qxe4 18. Nxe6 fxe6 19. Bxc5 Qf5 20. Bxb6 axb6 21. Qe2 e5 22. Rbd1 Bh4 23. Rf1 Rf6 24. Qc4+ 1-0


[Site "https://www.chess.com"]

[Event "Titled Tuesday Blitz July 6 2021"]
[White "Priasmoro, Novendra"]
[Black "Jakubowski, Krzysztof"]
[WhiteFideId "7105029"]
[BlackFideId "1112848"]
[WhiteElo "2309"]
[BlackElo "2462"]
[Result "1-0"]
[Round "07"]
[TimeControl "180+1"]
[Date "2021.07.06"]
[WhiteClock "0:01:11"]
[BlackClock "0:00:08"]

1. e4 c5 2. Nf3 e6 3. d4 cxd4 4. Nxd4 Nc6 5. Nc3 Qc7 6. Be3 a6 7. Bd3 Nf6 8. O-O Ne5 9. Be2 Bc5 10. Kh1 d6 11. f4 Ned7 12. Qd2 b5 13. a3 Bb7 14. Bf3 O-O 15. Qf2 Bxd4 16. Bxd4 e5 17. Be3 exf4 18. Bxf4 Ne5 19. Rad1 Rfe8 20. Qd4 Re6 21. h3 Rae8 22. Rfe1 h6 23. a4 bxa4 24. Bxe5 dxe5 25. Qxa4 Rb8 26. Nd5 Bxd5 27. exd5 Rd6 28. Rxe5 Rxb2 29. c4 Qc5 30. Rde1 g6 31. Qa1 Rb8 32. Qc3 a5 33. Qe3 Nd7 34. Re8+ Rxe8 35. Qxe8+ Kg7 36. Re7 Rf6 37. Rxd7 Qxc4 38. Qe5 Qc5 39. Rc7 Qb6 40. Rc6 1-0


[Site "https://www.chess.com"]

[Event "Titled Tuesday Blitz July 6 2021"]
[White "Pridorozhni, Aleksei"]
[Black "Mitrabha, Guha"]
[WhiteFideId "4127870"]
[BlackFideId "5057000"]
[WhiteElo "2565"]
[BlackElo "2334"]
[Result "1-0"]
[Round "07"]
[TimeControl "180+1"]
[Date "2021.07.06"]
[WhiteClock "0:02:09"]
[BlackClock "0:01:32"]

1. e4 c6 2. Nc3 d5 3. Qe2 dxe4 4. Nxe4 Nf6 5. Nxf6+ gxf6 6. b3 Bf5 7. Bb2 Nd7 8. O-O-O e6 9. g4 Bg6 10. f4 Be7 11. f5 exf5 12. gxf5 Bxf5 13. Bh3 Qa5 14. Re1 O-O-O 15. Qxe7 Rhe8 16. Qxe8 Rxe8 17. Rxe8+ Kc7 18. Bxf5 Qxf5 19. Ne2 a5 20. Ng3 Qd5 21. Rf1 a4 22. Re4 b5 23. bxa4 Nc5 24. Rd4 Qxa2 25. axb5 cxb5 26. Rb4 Na4 27. Rxb5 Kc6 28. Rb3 1-0


[Site "https://www.chess.com"]

[Event "Titled Tuesday Blitz July 6 2021"]
[White "Quintiliano Pinto, Renato R."]
[Black "Noboa Silva, Kevin"]
[WhiteFideId "2117568"]
[BlackFideId "3618471"]
[WhiteElo "2439"]
[BlackElo "2161"]
[Result "1-0"]
[Round "07"]
[TimeControl "180+1"]
[Date "2021.07.06"]
[WhiteClock "0:00:31"]
[BlackClock "0:00:01"]

1. Nf3 Nf6 2. c4 c5 3. Nc3 b6 4. g3 Bb7 5. Bg2 e6 6. O-O a6 7. d4 cxd4 8. Qxd4 d6 9. Bg5 Be7 10. Bxf6 Bxf6 11. Qf4 O-O 12. Rfd1 Be7 13. Ne4 Bxe4 14. Qxe4 Nd7 15. Ng5 Bxg5 16. Qxa8 Qxa8 17. Bxa8 Rxa8 18. Rxd6 Ne5 19. f4 Nxc4 20. Rd4 Bxf4 21. gxf4 b5 22. b3 Ne3 23. Rc1 h5 24. h3 h4 25. Kf2 Nf5 26. Rd7 Rf8 27. Rc6 g6 28. Kf3 Kg7 29. e4 Ng3 30. b4 Ra8 31. Rcc7 Rf8 32. a3 g5 33. fxg5 Kg6 34. Ra7 Nf1 35. Kf4 Ng3 36. Rxa6 Rc8 37. Raa7 Nh5+ 38. Ke3 Rc3+ 39. Kd4 Rxh3 40. Rxf7 Kxg5 41. Rf1 Rb3 42. Ke5 Kg4 43. Rf8 h3 44. Rg8+ 1-0


[Site "https://www.chess.com"]

[Event "Titled Tuesday Blitz July 6 2021"]
[White "Quparadze, Giga"]
[Black "Mons, Leon"]
[WhiteFideId "13602250"]
[BlackFideId "4614950"]
[WhiteElo "2658"]
[BlackElo "2492"]
[Result "0-1"]
[Round "07"]
[TimeControl "180+1"]
[Date "2021.07.06"]
[WhiteClock "0:00:16"]
[BlackClock "0:00:42"]

1. e4 e5 2. Nf3 Nc6 3. Bb5 a6 4. Ba4 Nf6 5. O-O Be7 6. Bxc6 dxc6 7. d3 Bd6 8. Nbd2 Be6 9. d4 Nd7 10. c3 Qe7 11. Re1 O-O-O 12. Nf1 f6 13. d5 cxd5 14. exd5 Bf7 15. Ne3 Nb6 16. c4 Bc5 17. Qe2 Qd7 18. a3 Rhe8 19. b4 Bd4 20. Bb2 Bh5 21. Rab1 Bxe3 22. Qxe3 Nxc4 23. Qa7 Qxd5 24. Nh4 Nxb2 25. Rxb2 Qd4 26. Qa8+ Kd7 27. Qxb7 Qxb2 28. Qd5+ Ke7 29. Nf5+ Kf8 30. Qc5+ Kg8 31. Qxc7 Bf7 32. h4 Qd2 33. Re3 Qd7 34. Nh6+ gxh6 35. Rg3+ Bg6 36. Qb6 Qd6 37. Qa7 h5 38. Qe3 Qd4 39. Qh6 Kf7 40. Rxg6 hxg6 41. Qh7+ Ke6 42. Qxg6 Rg8 43. Qh7 Qg4 44. g3 Qf3 0-1


[Site "https://www.chess.com"]

[Event "Titled Tuesday Blitz July 6 2021"]
[White "Riazantsev, Alexander"]
[Black "Steven_Rojas"]
[WhiteFideId "4125029"]
[WhiteElo "2736"]
[BlackElo "2552"]
[Result "1/2-1/2"]
[Round "07"]
[TimeControl "180+1"]
[Date "2021.07.06"]
[WhiteClock "0:00:08"]
[BlackClock "0:00:13"]

1. d4 e6 2. c4 d5 3. Nc3 Be7 4. Nf3 Nf6 5. Bg5 h6 6. Bh4 O-O 7. Qc2 Nbd7 8. cxd5 exd5 9. e3 c6 10. Bd3 Re8 11. O-O Nf8 12. Rfe1 Bg4 13. Ne5 Be6 14. f4 N6d7 15. Bf2 Nxe5 16. dxe5 g6 17. e4 dxe4 18. Bxe4 Qc8 19. Rad1 h5 20. Ne2 c5 21. Nc3 Rb8 22. Nd5 b6 23. h3 Bd8 24. b3 Kg7 25. Ne3 Be7 26. f5 gxf5 27. Nxf5+ Bxf5 28. Bxf5 Qc6 29. Qe2 Qh6 30. Qf3 Ng6 31. Rd7 Rbd8 32. Rxa7 Nh4 33. Bxh4 Bxh4 34. Rf1 Qg5 35. Be6 Re7 36. Rxe7 Qxe7 37. Bxf7 Qxe5 38. Bxh5 Bf6 39. Kh1 Rd2 40. Qb7+ Qe7 41. Qxb6 Rxa2 42. Bf3 Bd4 43. Qc6 Rf2 44. Rxf2 Bxf2 45. Qe4 Qa7 46. Qg4+ Kh8 47. Qc8+ Kg7 48. Qb7+ Qxb7 49. Bxb7 Bg3 50. Kg1 Kf6 51. Kf1 Ke5 52. Ke2 Kf4 53. Bc6 Bh4 54. Kd3 Bf2 55. Kc4 Kg3 56. Bf3 Kh4 57. Kd5 Kg3 58. Ke4 Kh4 59. Kf5 Bg3 60. Bd5 Bf2 61. Bc4 Bg3 62. Bf1 Kh5 63. Be2+ Kh4 64. Bd3 Bf2 65. g4 Kxh3 66. g5 Bd4 67. g6 Kh4 68. Be2 Bc3 69. Bf3 Bd4 70. Bd1 Bc3 71. Kf4 Bd4 72. Kf5 Bc3 73. Bc2 Bd4 74. Ke6 Kg5 75. Kf7 Kh6 76. Bd3 Bc3 77. Be4 Bd4 78. Bd5 Bc3 79. Bc4 Bg7 80. Bd5 Bc3 81. Bc4 Bg7 82. Bd5 Bc3 1/2-1/2


[Site "https://www.chess.com"]

[Event "Titled Tuesday Blitz July 6 2021"]
[White "Rodchenkov, Vitaly"]
[Black "Mortazavi, Ali"]
[WhiteFideId "4152964"]
[BlackFideId "401323"]
[WhiteElo "2337"]
[BlackElo "2339"]
[Result "1/2-1/2"]
[Round "07"]
[TimeControl "180+1"]
[Date "2021.07.06"]
[WhiteClock "0:00:07"]
[BlackClock "0:00:12"]

1. e4 c6 2. d4 d5 3. exd5 cxd5 4. c4 Nf6 5. Nc3 g6 6. Qb3 Bg7 7. cxd5 O-O 8. Be2 Nbd7 9. Bf3 Nb6 10. Bg5 a5 11. a4 Bf5 12. Rd1 Qd6 13. Nge2 Qb4 14. Qa2 Bc2 15. Rc1 Bb3 16. Qa1 Nfxd5 17. O-O e6 18. Nxd5 Bxd5 19. Bxd5 Nxd5 20. Rc5 h6 21. Bh4 Bxd4 22. Rb5 Qc4 23. Nxd4 Qxd4 24. Bg3 b6 25. h3 Rac8 26. Qa3 Rc2 27. Qb3 Rfc8 28. Re1 Qd2 29. Rf1 Rc1 30. Rxc1 Rxc1+ 31. Kh2 Qe1 32. Bd6 Qxf2 33. Rxd5 exd5 34. Qxd5 Qg1+ 35. Kg3 Qe1+ 36. Kh2 Qe6 37. Qd4 Rc4 38. Qd3 Rxa4 39. Bg3 Kh7 40. Qc3 Rb4 41. Bb8 h5 42. Qg3 Rxb2 43. Qg5 Rf2 44. Qg3 Rf5 45. Qc3 a4 46. Qb4 Qc8 47. Bd6 Qe6 48. Bg3 Rg5 49. Bf4 Rf5 50. Bg3 b5 51. Qf8 Rg5 52. Bf4 Rf5 53. Bg3 Qf6 54. Qb4 Qe6 55. Qf8 1/2-1/2


[Site "https://www.chess.com"]

[Event "Titled Tuesday Blitz July 6 2021"]
[White "Roman, Rodrigo"]
[Black "Solon, Nathan"]
[WhiteFideId "3701220"]
[BlackFideId "2017229"]
[WhiteElo "2043"]
[BlackElo "2631"]
[Result "0-1"]
[Round "07"]
[TimeControl "180+1"]
[Date "2021.07.06"]
[WhiteClock "0:00:05"]
[BlackClock "0:00:38"]

1. Nf3 d5 2. g3 g6 3. Bg2 Bg7 4. O-O e5 5. d3 Ne7 6. c4 c6 7. cxd5 cxd5 8. Nc3 Nbc6 9. Bg5 h6 10. Bxe7 Nxe7 11. Rc1 O-O 12. e4 d4 13. Ne2 Be6 14. a3 Qb6 15. b4 a5 16. bxa5 Rxa5 17. Rb1 Qa7 18. Qc1 Rc8 19. Qb2 b5 20. Ra1 Ra8 21. Rfc1 Qb6 22. Qb4 Bf8 23. Qc5 Qxc5 24. Rxc5 f6 25. h4 h5 26. Nfxd4 exd4 27. Nxd4 Bf7 28. Nxb5 Nc8 29. Rc7 Rxb5 30. a4 Rc5 31. e5 Rxc7 32. Bxa8 fxe5 33. Be4 Bc5 34. a5 Bd4 35. Rb1 Rc2 36. Rb8 Kg7 37. Kf1 Rxf2+ 38. Ke1 Nd6 39. a6 Nxe4 40. dxe4 Ra2 0-1


[Site "https://www.chess.com"]

[Event "Titled Tuesday Blitz July 6 2021"]
[White "Salem, A.R. Saleh"]
[Black "Zubritskiy, Artyom"]
[WhiteFideId "9301348"]
[BlackFideId "4181247"]
[WhiteElo "2642"]
[BlackElo "2559"]
[Result "1-0"]
[Round "07"]
[TimeControl "180+1"]
[Date "2021.07.06"]
[WhiteClock "0:01:43"]
[BlackClock "0:00:05"]

1. d4 f5 2. c4 Nf6 3. Nc3 g6 4. h4 d6 5. Bg5 Be6 6. e3 Nbd7 7. Qc2 Bf7 8. O-O-O Bg7 9. Nh3 c6 10. Be2 Qa5 11. h5 b5 12. h6 Bf8 13. cxb5 cxb5 14. Bxb5 Ne4 15. Qa4 Qxa4 16. Bxa4 Rc8 17. f3 Nxc3 18. bxc3 Bxa2 19. Kd2 Kd8 20. Ra1 Bc4 21. Bxd7 Kxd7 22. Rxa7+ Rc7 23. Rha1 1-0


[Site "https://www.chess.com"]

[Event "Titled Tuesday Blitz July 6 2021"]
[White "Sanchez Alvares, Kelvin Antonio"]
[Black "Svane, Rasmus"]
[WhiteFideId "3906680"]
[BlackFideId "4657101"]
[WhiteElo "2579"]
[BlackElo "2891"]
[Result "0-1"]
[Round "07"]
[TimeControl "180+1"]
[Date "2021.07.06"]
[WhiteClock "0:00:18"]
[BlackClock "0:00:17"]

1. d4 d5 2. c4 e6 3. Nf3 a6 4. Bg5 Be7 5. Bxe7 Nxe7 6. e3 O-O 7. Nc3 Nd7 8. Qc2 Nf6 9. Rg1 dxc4 10. Bxc4 b5 11. Bd3 Bb7 12. O-O-O Qc8 13. Kb1 c5 14. dxc5 Qxc5 15. Ne2 Qb6 16. Rc1 Rfd8 17. Ned4 Rac8 18. Qe2 Ned5 19. Ka1 Nb4 20. Bb1 Ne4 21. Nb3 Nd6 22. a3 Nd5 23. Rxc8 Rxc8 24. Rc1 Rd8 25. Qc2 g6 26. Qc5 Nc4 27. Qxb6 Ndxb6 28. Nc5 Bxf3 29. gxf3 Rd2 30. Rc2 Rd1 31. Nb3 Na4 32. Ka2 Naxb2 33. Rxb2 Nxb2 34. Kxb2 Rf1 35. Be4 Rxf2+ 36. Kc3 Rxh2 37. Bb7 Ra2 38. Kb4 h5 39. Bxa6 h4 40. f4 h3 41. Bb7 Rb2 42. Kc3 Rb1 43. Nd2 Rc1+ 44. Kb2 Re1 45. Ne4 h2 46. Ng3 Rxe3 47. Nh1 f5 48. Bc6 Re1 49. Kb3 Kf7 50. Kb4 g5 51. fxg5 e5 52. Kxb5 e4 53. Ng3 Rg1 54. Bd5+ Kg6 55. Nxe4 h1=Q 56. Nc3 Qh8 57. a4 Qxc3 0-1


[Site "https://www.chess.com"]

[Event "Titled Tuesday Blitz July 6 2021"]
[White "Saravana, Krishnan P."]
[Black "Costachi, Mihnea"]
[WhiteFideId "5018382"]
[BlackFideId "1217518"]
[WhiteElo "2245"]
[BlackElo "2482"]
[Result "1-0"]
[Round "07"]
[TimeControl "180+1"]
[Date "2021.07.06"]
[WhiteClock "0:01:05"]
[BlackClock "0:01:20"]

1. e4 e5 2. Nf3 Nc6 3. Bb5 a6 4. Ba4 d6 5. O-O Bd7 6. c3 g6 7. d4 Bg7 8. Bg5 f6 9. Be3 Qe7 10. c4 exd4 11. Nxd4 Nh6 12. Nc3 Nxd4 13. Bxd4 Bxa4 14. Qxa4+ Qd7 15. Qb3 O-O-O 16. Rac1 f5 17. Bxg7 Qxg7 18. c5 dxc5 19. Nd5 fxe4 20. Rxc5 c6 21. Rfc1 Rd6 22. Qb6 Nf5 23. Qa7 Qxb2 24. R5c2 Qd4 25. Rxc6+ Rxc6 26. Rxc6+ Kd8 27. Qb8+ Kd7 28. Qxb7+ Ke8 29. Rc8# 1-0


[Site "https://www.chess.com"]

[Event "Titled Tuesday Blitz July 6 2021"]
[White "Sawlin, Leonid"]
[Black "Erdogdu, Mert"]
[WhiteFideId "4689542"]
[BlackFideId "6301495"]
[WhiteElo "2412"]
[BlackElo "2485"]
[Result "0-1"]
[Round "07"]
[TimeControl "180+1"]
[Date "2021.07.06"]
[WhiteClock "0:02:16"]
[BlackClock "0:01:43"]

1. e4 c5 2. Nf3 d6 3. d4 cxd4 4. Nxd4 Nf6 5. Nc3 a6 6. Bg5 e6 7. f4 Qb6 8. Qd2 Nc6 9. Nxc6 bxc6 10. b3 d5 11. Bxf6 gxf6 12. exd5 cxd5 13. Na4 Qb8 14. Bd3 f5 15. O-O-O Bd7 16. Nb2 Bg7 17. Kb1 a5 18. h3 a4 19. g4 axb3 20. cxb3 Qa7 21. a4 Rb8 22. Bc2 Bxa4 23. Nxa4 Qxa4 0-1


[Site "https://www.chess.com"]

[Event "Titled Tuesday Blitz July 6 2021"]
[White "Shahade, Gregory"]
[Black "Stojanovski, Sandi"]
[WhiteFideId "2009064"]
[BlackFideId "1403249"]
[WhiteElo "2735"]
[BlackElo "2367"]
[Result "1/2-1/2"]
[Round "07"]
[TimeControl "180+1"]
[Date "2021.07.06"]
[WhiteClock "0:00:05"]
[BlackClock "0:00:05"]

1. e4 c5 2. Nf3 Nc6 3. d4 cxd4 4. Nxd4 Nf6 5. Nc3 e5 6. Ndb5 d6 7. Bg5 a6 8. Na3 b5 9. Nd5 Be7 10. Bxf6 Bxf6 11. c4 b4 12. Nc2 O-O 13. g3 a5 14. Bg2 Be6 15. O-O Rc8 16. b3 Bxd5 17. cxd5 Nd4 18. Ne3 a4 19. Nc4 Rc5 20. Rc1 Qc7 21. Kh1 Rc8 22. Bh3 Ra8 23. Qd3 g6 24. Rfd1 h5 25. Bf1 h4 26. Qb1 hxg3 27. hxg3 Kg7 28. Kg2 Rh8 29. Rxd4 exd4 30. bxa4 Rc8 31. Qxb4 Rb8 32. Qd2 Qd7 33. a5 Qd8 34. Nb6 Qc7 35. Rxc5 dxc5 36. f4 c4 37. Bxc4 Rxb6 38. axb6 Qxc4 39. b7 Qb5 40. d6 d3 41. e5 Bd8 42. b8=Q Qxb8 43. Qxd3 Qa8+ 44. Kh3 Qxa2 45. Qf3 Qe6+ 46. Kg2 Qf5 47. Qd5 Qe6 48. Qe4 Qf5 49. Qd5 Qe6 50. Qe4 Qf5 51. Qd5 1/2-1/2


[Site "https://www.chess.com"]

[Event "Titled Tuesday Blitz July 6 2021"]
[White "Siddharth, Jagadeesh"]
[Black "Zhuravlev, Alexey"]
[WhiteFideId "5818320"]
[BlackFideId "4164199"]
[WhiteElo "2127"]
[BlackElo "2447"]
[Result "0-1"]
[Round "07"]
[TimeControl "180+1"]
[Date "2021.07.06"]
[WhiteClock "0:00:08"]
[BlackClock "0:00:13"]

1. d4 Nf6 2. c4 g6 3. Nc3 Bg7 4. e4 d6 5. Be2 O-O 6. Nf3 e5 7. O-O Nc6 8. d5 Ne7 9. b4 Nh5 10. c5 Nf4 11. a4 Bg4 12. h3 Bh5 13. Bxf4 exf4 14. Rc1 f5 15. Nd4 Bxe2 16. Ncxe2 fxe4 17. Ne6 Qd7 18. cxd6 Qxd6 19. Nxg7 Kxg7 20. Qd4+ Kg8 21. Qxe4 Nxd5 22. Nc3 Nxc3 23. Rxc3 c6 24. b5 Rae8 25. Qc4+ Qe6 26. bxc6 bxc6 27. Qxc6 Qxc6 28. Rxc6 f3 29. Rc7 fxg2 30. Kxg2 Rf7 31. Rfc1 Ree7 32. Rxe7 Rxe7 33. Rc6 Kg7 34. Ra6 Kh6 35. Kg3 Kg5 36. f4+ Kf5 37. Kf3 Rc7 38. Ra5+ Kf6 39. Ke4 Rc4+ 40. Kd5 Rxf4 41. Rxa7 h5 42. a5 Rf3 43. Rb7 Rxh3 44. a6 Ra3 45. Rb6+ Kf5 46. Kc6 h4 47. Kb7 h3 48. Rb5+ Kf4 49. Rb4+ Kf3 50. a7 g5 51. a8=Q Rxa8 52. Kxa8 h2 53. Rb3+ Kg4 54. Rb4+ Kh3 55. Rb3+ Kh4 56. Rb1 g4 57. Rb7 Kg3 58. Rh7 Kg2 59. Kb8 h1=Q 60. Rg7 g3 61. Kc7 Qd1 62. Rd7 Qxd7+ 63. Kxd7 Kf2 0-1


[Site "https://www.chess.com"]

[Event "Titled Tuesday Blitz July 6 2021"]
[White "Siva Mahadevan"]
[Black "Abdurakhmonov, Mukhammadali"]
[WhiteFideId "25043153"]
[BlackFideId "14207346"]
[WhiteElo "2203"]
[BlackElo "2266"]
[Result "1/2-1/2"]
[Round "07"]
[TimeControl "180+1"]
[Date "2021.07.06"]
[WhiteClock "0:01:13"]
[BlackClock "0:02:16"]

1. e4 e5 2. Nf3 Nc6 3. Bb5 a6 4. Ba4 Nf6 5. O-O Nxe4 6. d4 b5 7. Bb3 d5 8. dxe5 Be6 9. Nbd2 Be7 10. c3 Nc5 11. Bc2 d4 12. Nb3 d3 13. Bb1 Nxb3 14. axb3 Bf5 15. Re1 O-O 16. Be3 Qd7 17. Bd4 Nxd4 18. Nxd4 Rfd8 19. b4 c5 20. bxc5 Bxc5 21. Bxd3 Bxd3 22. Qxd3 Bxd4 23. cxd4 Qxd4 24. Qe2 1/2-1/2


[Site "https://www.chess.com"]

[Event "Titled Tuesday Blitz July 6 2021"]
[White "Sliwicki, Damian"]
[Black "Mohammad Fahad, Rahman"]
[WhiteFideId "1127128"]
[BlackFideId "10207791"]
[WhiteElo "2149"]
[BlackElo "2323"]
[Result "0-1"]
[Round "07"]
[TimeControl "180+1"]
[Date "2021.07.06"]
[WhiteClock "0:00:01"]
[BlackClock "0:00:05"]

1. e4 c5 2. Nf3 e6 3. d4 cxd4 4. Nxd4 Nc6 5. Nc3 a6 6. Nb3 Qc7 7. Bd3 Nf6 8. O-O h5 9. f4 Na5 10. Kh1 Nxb3 11. axb3 Bc5 12. e5 Ng4 13. Ne4 b6 14. c3 Bb7 15. b4 Be7 16. h3 Nh6 17. Qxh5 O-O-O 18. Bxa6 Bxa6 19. Rxa6 Qb7 20. Qe2 Nf5 21. Rf3 d5 22. Qb5 dxe4 23. Rxb6 Qxb6 24. Qxb6 Rd1+ 25. Kh2 exf3 26. Qc6+ Kd8 27. Qxf3 Rxc1 28. Qa8+ Kd7 29. Qb7+ Ke8 30. Qc6+ Kd8 31. Qa8+ Kc7 32. Qxh8 Bh4 33. g4 Rc2+ 34. Kh1 Ng3+ 35. Kg1 Ne2+ 36. Kf1 Bg3 37. Qxg7 Nxf4 38. Qxf7+ Kb6 39. Qd7 Rc1+ 0-1


[Site "https://www.chess.com"]

[Event "Titled Tuesday Blitz July 6 2021"]
[White "Sonis, Francesco"]
[Black "Prraneeth Vuppala"]
[WhiteFideId "895733"]
[BlackFideId "46622373"]
[WhiteElo "2373"]
[BlackElo "1759"]
[Result "1-0"]
[Round "07"]
[TimeControl "180+1"]
[Date "2021.07.06"]
[WhiteClock "0:01:14"]
[BlackClock "0:00:10"]

1. e4 c5 2. Nf3 d6 3. c3 Nf6 4. h3 g6 5. Bd3 Bg7 6. O-O O-O 7. Bc2 Nc6 8. Re1 b5 9. d4 cxd4 10. cxd4 Bb7 11. a3 Rc8 12. Nc3 a6 13. d5 Na5 14. Nd4 Nd7 15. Rb1 Qb6 16. Be3 Qd8 17. Nce2 Nc4 18. Bc1 Nc5 19. b3 Ne5 20. f4 Ned7 21. Bb2 Qb6 22. Kh2 e5 23. dxe6 Nxe6 24. Nxe6 fxe6 25. Bxg7 Kxg7 26. Qd2 Nf6 27. Ng3 Rfd8 28. Re2 d5 29. e5 Ne4 30. Qe1 Nxg3 31. Qxg3 Qd4 32. Rd1 Qc3 33. Rd3 Qc5 34. b4 Qc4 35. Bb3 Qc1 36. f5 exf5 37. e6 Qa1 38. e7 Re8 39. Bxd5 Bxd5 40. Rxd5 Rc1 41. Qd3 f4 42. Qd4+ Qxd4 43. Rxd4 Rc7 44. Rxf4 Rcxe7 45. Rd2 Rc8 46. Rd6 Rc2 47. Rxa6 Ree2 48. Ra7+ Kh6 49. Rh4+ Kg5 50. Rg4+ Kh6 51. Rb7 Ra2 52. Rxb5 Rxa3 53. Rh4+ Kg7 54. Rb7+ Kf6 55. Rbxh7 Raa2 56. Rg4 g5 57. Rh6+ Kf5 58. Rh5 Kg6 59. Rhxg5+ Kh6 60. Rg8 Kh7 61. Rg3 Re1 62. R8g4 Ra6 63. Rh4+ Rh6 64. Rxh6+ Kxh6 65. Rb3 1-0


[Site "https://www.chess.com"]

[Event "Titled Tuesday Blitz July 6 2021"]
[White "Svidler, Peter"]
[Black "Baskin, Robert"]
[WhiteFideId "4102142"]
[BlackFideId "24662402"]
[WhiteElo "2912"]
[BlackElo "2583"]
[Result "1-0"]
[Round "07"]
[TimeControl "180+1"]
[Date "2021.07.06"]
[WhiteClock "0:00:58"]
[BlackClock "0:00:06"]

1. e4 e5 2. Nf3 Nc6 3. Bb5 a6 4. Ba4 d6 5. c3 Bd7 6. d4 g6 7. O-O Bg7 8. Bg5 f6 9. Be3 Nh6 10. h3 Nf7 11. Nbd2 O-O 12. Re1 Kh8 13. Bb3 Ng5 14. Nxg5 fxg5 15. d5 Nb8 16. c4 b6 17. Ba4 Bxa4 18. Qxa4 Nd7 19. Qc2 Qe7 20. b4 a5 21. a3 Rf7 22. Rac1 h5 23. Nf3 Bf6 24. Qd2 g4 25. hxg4 hxg4 26. Nh2 g3 27. fxg3 Rh7 28. Nf3 axb4 29. axb4 Kg7 30. Ra1 Rhh8 31. Rxa8 Rxa8 32. Qb2 Qd8 33. Ra1 Qb8 34. Kf2 Ra7 35. g4 Qa8 36. Rxa7 Qxa7 37. g5 Be7 38. Kg3 Qa4 39. Kh2 b5 40. c5 Qd1 41. c6 Nf8 42. Nxe5 dxe5 43. Qxe5+ Kf7 44. Qxc7 Qh5+ 45. Kg3 Ke8 46. d6 Bxg5 47. d7+ Kf7 48. d8=Q+ Kg8 49. Qxg5 1-0


[Site "https://www.chess.com"]

[Event "Titled Tuesday Blitz July 6 2021"]
[White "Tanenbaum, Zachary"]
[Black "Sukandar, Irine Kharisma"]
[WhiteFideId "2060850"]
[BlackFideId "7101937"]
[WhiteElo "2165"]
[BlackElo "2313"]
[Result "1/2-1/2"]
[Round "07"]
[TimeControl "180+1"]
[Date "2021.07.06"]
[WhiteClock "0:00:08"]
[BlackClock "0:00:28"]

1. e4 e5 2. Nf3 d6 3. d4 exd4 4. Nxd4 Nf6 5. Nc3 Be7 6. Bc4 O-O 7. Bb3 a6 8. a4 Re8 9. O-O c5 10. Nde2 Nc6 11. Bf4 Bf8 12. f3 Be6 13. Bxe6 Rxe6 14. Nd5 Nxd5 15. exd5 Rxe2 16. Qxe2 Nd4 17. Qd3 Qf6 18. Bd2 Nf5 19. Bc3 Qg6 20. a5 Be7 21. Rfe1 Bh4 22. Re4 Bg5 23. Rae1 h5 24. Re8+ Rxe8 25. Rxe8+ Kh7 26. g4 hxg4 27. fxg4 Be3+ 28. Rxe3 Nxe3 29. Qxe3 Qxg4+ 30. Kf2 Qf5+ 31. Ke1 Qxc2 32. Qh3+ Kg8 33. Qc8+ Kh7 34. Qxb7 Qc1+ 35. Ke2 Qc2+ 36. Ke3 Qc1+ 37. Kf2 Qf4+ 38. Ke2 Qxh2+ 39. Kd1 Qh1+ 40. Kc2 Qe4+ 41. Kb3 Qf3 42. Ka2 Qd1 43. b3 Qc2+ 44. Bb2 c4 45. bxc4 Qxc4+ 46. Qb3 Qc5 47. Kb1 Qg1+ 48. Bc1 Qc5 49. Qc2+ Qxc2+ 50. Kxc2 Kg6 51. Ba3 Kf5 52. Kd3 Ke5 53. Kc4 g5 54. Bb2+ Ke4 55. Bf6 g4 56. Bh4 f5 57. Be7 g3 58. Bxd6 f4 59. Bxf4 Kxf4 60. d6 g2 61. d7 g1=Q 62. d8=Q Qf1+ 63. Kb4 Qb5+ 64. Kc3 Qc5+ 65. Kd3 Qb5+ 66. Kd2 Qb4+ 67. Kc2 Qc4+ 68. Kd2 Qb4+ 69. Ke2 Qc4+ 70. Kd2 Qb4+ 1/2-1/2


[Site "https://www.chess.com"]

[Event "Titled Tuesday Blitz July 6 2021"]
[White "Terletsky, Oleg"]
[Black "Yang, Kaiqi"]
[WhiteFideId "14116774"]
[BlackFideId "8604398"]
[WhiteElo "2094"]
[BlackElo "2373"]
[Result "1-0"]
[Round "07"]
[TimeControl "180+1"]
[Date "2021.07.06"]
[WhiteClock "0:00:27"]
[BlackClock "0:00:04"]

1. e4 e6 2. d4 d5 3. Nd2 c5 4. Ngf3 cxd4 5. exd5 Qxd5 6. Bc4 Qd6 7. O-O Nf6 8. Nb3 a6 9. Nbxd4 Qc7 10. Qe2 Be7 11. Ne5 b5 12. Bb3 O-O 13. Bf4 Qb6 14. Rad1 Nbd7 15. Nxf7 Rxf7 16. Nxe6 h6 17. Nc7 Nc5 18. Qxe7 Nxb3 19. Rd8+ Kh7 20. Qxf7 Bf5 21. Nxa8 Qxd8 22. axb3 Qxa8 23. Be5 Qe8 24. Qxe8 Nxe8 25. c3 Bc2 26. b4 Kg6 27. f4 Kf5 28. Ra1 Ba4 29. Kf2 g5 30. g3 gxf4 31. gxf4 Nf6 32. Bxf6 Kxf6 33. Ke3 Kf5 34. h3 h5 35. Rg1 Bc2 1-0


[Site "https://www.chess.com"]